 Dungeon Crawl Stone Soup version 0.22.1-2-g9c5b331 (webtiles) character file.

971 Lilu the Destroyer (level 7, -1/36 HPs)
             Began as a Deep Elf Conjurer on Nov 15, 2018.
             Slain by Duvessa
             ... wielding a +0 short sword
              (4 damage)
             ... on level 5 of the Dungeon.
             The game lasted 00:16:58 (4979 turns).

Lilu the Destroyer (Deep Elf Conjurer)              Turns: 4979, Time: 00:16:59

Health: -1/36      AC:  2    Str:  5    XL:     7   Next: 94%
Magic:  18/20      EV: 13    Int: 22    God:
Gold:   239        SH:  2    Dex: 15    Spells: 18/21 levels left

rFire    . . .     SeeInvis .   s - +2 hunting sling (velocity)
rCold    . . .     Gourm    .   (no shield)
rNeg     . . .     Faith    .   B - +0 robe
rPois    .         Spirit   .   (no helmet)
rElec    .         Reflect  +   a - scarf {repulsion}
rCorr    .         Harm     .   (no gloves)
MR       .....                  (no boots)
Stlth    ++........             v - +2 amulet of reflection
HPRegen  0.12/turn              (no ring)
MPRegen  0.17/turn              (no ring)

@: repel missiles
A: no striking features
a: no special abilities


You were on level 5 of the Dungeon.
You were very hungry.

You visited 1 branch of the dungeon, and saw 5 of its levels.

You collected 239 gold pieces.

Inventory:

Hand Weapons
 s - a +2 hunting sling of velocity (weapon)
 y - a +1 antimagic morningstar
Missiles
 k - 58 stones (quivered)
 m - 34 arrows
 r - 28 sling bullets
 A - 3 tomahawks
 E - 25 bolts
Armour
 a - a scarf of repulsion (worn)
 u - a +0 leather armour
 B - a +0 robe (worn)
 G - a cursed +0 ring mail
Jewellery
 v - a +2 amulet of reflection (around neck)
Wands
 x - a wand of paralysis (9)
 H - a wand of polymorph (21)
Scrolls
 b - 3 scrolls of remove curse
 d - 2 scrolls of immolation {unknown}
 g - 3 scrolls of teleportation {unknown}
 i - 5 scrolls of identify {unknown}
 l - a scroll of enchant weapon {unknown}
 n - a scroll of enchant armour {unknown}
 p - a scroll of fear {unknown}
 t - a scroll of amnesia {unknown}
 w - 2 scrolls of noise {unknown}
 D - a scroll of fog {unknown}
Potions
 e - a potion of might {unknown}
 f - a potion of degeneration {unknown}
 h - 2 potions of curing {unknown}
 j - 2 potions of lignification {unknown}
 o - 3 potions of flight {unknown}
 q - a potion of haste {unknown}
 z - a potion of brilliance {unknown}
 C - a potion of ambrosia {unknown}
 F - a potion of mutation {unknown}
Comestibles
 c - 15 rations


   Skills:
 - Level 2.4 Dodging
 - Level 2.4 Stealth
 + Level 7.5 Spellcasting
 * Level 9.3 Conjurations


You had 18 spell levels left.
You knew the following spells:

 Your Spells              Type           Power        Failure   Level  Hunger
a - Magic Dart            Conj           ####         1%          1    None
b - Searing Ray           Conj           #####.       1%          2    None

Your spell library contained the following spells:

 Spells                   Type           Power        Failure   Level  Hunger
 Iskenderun's Mystic Bla  Conj           #####...     1%          4    ###....
 Dazzling Spray           Conj/Hex       ####..       3%          3    None
 Force Lance              Conj/Tloc      ####....     12%         4    ###....
 Fulminant Prism          Conj/Hex       ####......   12%         4    ###....


Dungeon Overview and Level Annotations

Branches:
Dungeon (5/15)
 Temple: D:4-7

Altars:

Annotations:
D:5 Duvessa


Message History

Here: Duvessa, wielding a short sword and wearing a leather armour (berserk, The floor.
Okay, then.
Unknown command.
Casting: Searing Ray (safe; 1% risk of failure)
Confirm with . or Enter, or press ? or * to list all spells.
Aiming: Searing Ray (safe; 1% risk of failure)
Press: ? - help, Shift-Dir - straight line, f - Duvessa
Aim: Duvessa, wielding a short sword and wearing a leather armour (berserk, The searing ray hits Duvessa.
Duvessa is lightly wounded. (Press . to maintain the ray.) Duvessa hits you with a short sword! x2
* * * LOW HITPOINT WARNING * * *
Okay, then.
Duvessa hits you with a short sword.
* * * LOW HITPOINT WARNING * * *
Duvessa misses you. Duvessa hits you with a short sword.
You die...

##.......#...##
###......#####..##
........## ##..##
####....# ##..###
###..# ##...# #..#
#...# #..## ##..##
##...# ##...#
#####....######e@.##
..................#
#####.............#
##......####..#
#......## ###.#
##..##..# ...##
##.####..# #...#
##.## #..# #..#
##.## ##.# #..#


You could see Duvessa (berserk).

Vanquished Creatures
  Grinder (D:5)
  2 ogres (D:4)
  A bullfrog (D:4)
  2 scorpions
  Dowan (D:5)
  A howler monkey (D:4)
  2 orc priests
  2 jellies (D:5)
  An orc wizard (D:4)
  A bullfrog skeleton (D:5)
  3 worker ants
  An adder (D:4)
  An ooze (D:3)
  3 worms
  4 dart slugs
  2 leopard geckos (D:4)
  7 orcs
  4 ball pythons
  6 bats
  4 giant cockroaches
  4 hobgoblins
  2 quokkas
  4 frilled lizards
  10 goblins
  9 kobolds
  A rat (D:3)
79 creatures vanquished.

Notes
Turn   | Place    | Note
-------+----------+-------------------------------------------
     0 | D:1      | Lilu the Deep Elf Conjurer began the quest for the Orb.
     0 | D:1      | Reached XP level 1. HP: 10/10 MP: 6/6
   220 | D:1      | Reached XP level 2. HP: 15/15 MP: 4/8
   434 | D:1      | Reached skill level 5 in Conjurations
   953 | D:2      | Found a faded altar of an unknown god.
  1144 | D:2      | Reached XP level 3. HP: 19/19 MP: 6/10
  1419 | D:2      | Learned a level 2 spell: Searing Ray
  2413 | D:3      | Reached XP level 4. HP: 13/24 MP: 7/12
  2580 | D:3      | Reached skill level 6 in Conjurations
  3178 | D:4      | Reached XP level 5. HP: 22/28 MP: 8/14
  3238 | D:4      | Noticed an ogre
  3244 | D:4      | Killed an ogre
  3244 | D:4      | Reached skill level 5 in Spellcasting
  3448 | D:4      | Reached skill level 7 in Conjurations
  3448 | D:4      | Reached XP level 6. HP: 32/32 MP: 9/16
  4064 | D:4      | Reached skill level 8 in Conjurations
  4064 | D:4      | Reached XP level 7. HP: 36/36 MP: 14/18
  4340 | D:5      | Entered Level 5 of the Dungeon
  4340 | D:5      | Noticed Grinder
  4508 | D:5      | Noticed Duvessa
  4508 | D:5      | Noticed Dowan
  4766 | D:5      | Killed Grinder
  4766 | D:5      | Reached skill level 9 in Conjurations
  4947 | D:5      | Killed Dowan
  4979 | D:5      | Slain by Duvessa

Skill      XL: |  1  2  3  4  5  6  7 |
---------------+----------------------+-----
Conjurations   | 5 6 7 8 9 |  9.3
Spellcasting   | 4 5 6 7 |  7.5
Dodging        | |  2.4
Stealth        | |  2.4

Action                   |  1- 3 |  4- 6 |  7- 9 || total
-------------------------+-------+-------+-------++-------
 Fire: Hunting sling     |     2 |    57 |    26 ||    85
 Cast: Magic Dart        |    69 |     1 |     1 ||    71
       Searing Ray       |     4 |    15 |     7 ||    26
  Use: Scroll            |       |       |     1 ||     1
  Eat: Chunk             |     4 |     5 |     2 ||    11
Armor: Robe              |     5 |     2 |       ||     7
Dodge: Dodged            |     5 |    12 |     4 ||    21
Block: Other             |       |     1 |     1 ||     2
